 Dungeon Crawl Stone Soup version 0.29-a0-330-g52719c12eb (webtiles) character file.

Game seed: 4170175546308472047

44 HoaS the Bolt Thrower (level 3, 0/21 HPs)
             Began as a Kobold Hunter on May 29, 2022.
             Succumbed to an adder's poison
             ... on level 2 of the Dungeon.
             The game lasted 00:01:57 (925 turns).

HoaS the Bolt Thrower (Kobold Hunter)                Turns: 925, Time: 00:01:57

Health: 0/21       AC:  3    Str:  8    XL:     3   Next: 87%
Magic:  3/3        EV: 14    Int: 10    God:
Gold:   42         SH:  0    Dex: 20    Spells: 2/2 levels left

rFire   . . .      SeeInvis .   a - +1 hand crossbow
rCold   . . .      Faith    .   (no shield)
rNeg    . . .      Spirit   .   b - +0 leather armour
rPois   .          Reflect  .   (no helmet)
rElec   .          Harm     .   (no cloak)
rCorr   .          Rampage  .   (no gloves)
Will    .....                   (no boots)
Stlth   ++........              (no amulet)
HPRegen 0.07/turn               (no ring)
MPRegen 0.08/turn               (no ring)

@: lethally poisoned (0 -> -1), very slow
A: small, no large weapons, nightstalker 3
a: no special abilities


You were on level 2 of the Dungeon.
You visited 1 branch of the dungeon, and saw 2 of its levels.

You collected 42 gold pieces.

Inventory:

Hand Weapons
 a - a +1 hand crossbow (weapon)
Armour
 b - a +0 leather armour (worn)
Scrolls
 c - a scroll of immolation
 h - a scroll of noise {unknown}
Potions
 d - 2 potions of lignification {unknown}
 e - a potion of brilliance {unknown}
 f - 2 potions of attraction {unknown}
 g - a potion of haste {unknown}


   Skills:
 - Level 2.1 Fighting
 + Level 7.0 Crossbows
 - Level 2.4 Dodging
 - Level 1.3 Stealth


You had 2 spell levels left.
You didn't know any spells.
Your spell library was empty.

Dungeon Overview and Level Annotations

Branches:
Dungeon (2/15)

Altars:


Innate Abilities, Weirdness & Mutations

You are small and have problems with some larger weapons.
You are completely attuned to the shadows.


Message History

The adder poisons you!
You shoot a bolt.
The bolt hits the adder but does no damage.
The adder is heavily wounded.
You feel very sick. The adder bites you but does no damage.
You are too injured to fight recklessly!
The adder attacks as you move away! The adder misses you.
You feel very sick. The adder bites you.
* * * LOW HITPOINT WARNING * * *
The adder barely misses you.
You are too injured to fight recklessly!
You are too injured to fight recklessly!
You are too injured to fight recklessly!
Shoot: a) +1 hand crossbow
Press: ? - help, Q - select action Shift-Dir - straight line, f/p - adder
Aim: an adder (heavily wounded, 54% to hit)
You shoot a bolt. The bolt misses the adder.
* * * LOW HITPOINT WARNING * * *
You feel sick. The adder misses you.
Shoot: a) +1 hand crossbow
Press: ? - help, Q - select action Shift-Dir - straight line, f/p - adder
Aim: an adder (heavily wounded, 54% to hit)
You shoot a bolt.
The bolt hits the adder but does no damage.
The adder is heavily wounded.
* * * LOW HITPOINT WARNING * * *
You feel sick. The adder completely misses you. The adder misses you.
Shoot: a) +1 hand crossbow
Press: ? - help, Q - select action Shift-Dir - straight line, f/p - adder
Aim: an adder (heavily wounded, 54% to hit)
You shoot a bolt. The bolt closely misses the adder.
* * * LOW HITPOINT WARNING * * *
You feel sick. The adder closely misses you.
Shoot: a) +1 hand crossbow
Press: ? - help, Q - select action Shift-Dir - straight line, f/p - adder
Aim: an adder (heavily wounded, 54% to hit)
You shoot a bolt. The bolt barely misses the adder.
You die...

# ######### ##♣♣
..##.......#####.≈♣
#....#####..>....♣♣ ≈
........#########..♣♣ ≈≈
#...#.#...)† .......♣≈≈≈
#.# #..##### ######.P≈≈≈
..###......#######..♣♣P≈
..†...........wP@..#≈≈≈≈
#.######......≈S♣P...♣≈
#.# ###...≈♣≈♣.##♣
#.##### ....≈.#..#
....... ..........
##....## #### ###
...##... ###..... #.###.


You could see a worm and an adder.

Vanquished Creatures
  An adder (D:2)
  A dart slug (D:1)
  2 ball pythons (D:1)
  7 endoplasms
  2 giant cockroaches (D:1)
  4 goblins
  3 hobgoblins
  A kobold (D:1)
  3 bats (D:1)
  A frilled lizard (D:1)
  7 rats (D:1)
32 creatures vanquished.

Vanquished Creatures (others)
  6 plants (D:2)
6 creatures vanquished.

Grand Total: 38 creatures vanquished

Notes
Turn   | Place    | Note
-------+----------+-------------------------------------------
     0 | D:1      | HoaS the Kobold Hunter began the quest for the Orb.
     0 | D:1      | Reached XP level 1. HP: 12/12 MP: 1/1
   198 | D:1      | Reached XP level 2. HP: 17/17 MP: 2/2
   244 | D:1      | Reached skill level 6 in Crossbows
   554 | D:1      | Reached XP level 3. HP: 21/21 MP: 3/3
   884 | D:2      | Reached skill level 7 in Crossbows
   924 | D:2      | HP: 1/21 [poisoned by an adder]
   925 | D:2      | Succumbed to an adder's poison

Illustrated notes

Levels and vault maps discovered:
D:1:      wander_arrival_desolate, layout_basic
D:2:      layout_rooms, serial_bayou, serial_bayou_lake_a,
          serial_bayou_crossing, serial_bayou_pond_b, serial_bayou_pond_d,
          shapermc_ecumenical_altar_starsandcircs

Skill      XL: |  1  2  3 |
---------------+----------+-----
Crossbows      | 6 7 |  7.0
Fighting       | |  2.1
Dodging        | |  2.4
Stealth        | |  1.3

Action                   || total
-------------------------++-------
Melee: Unarmed           ||     1
 Fire: Hand crossbow     ||    58
Armor: Leather armour    ||     3
Dodge: Dodged            ||    10

Table legend: (Time is in decaauts)
 A = Elapsed time spent in this place.
 B = Non-inter-level travel time spent in this place.
 C = Inter-level travel time spent in this place.
 D = Time resting spent in this place.
 E = Time spent auto-exploring this place.
 F = Levels seen in this place.
 G = Mean time per level.
                   A        B        C        D        E       F      G
               +--------+--------+--------+--------+--------+-----+--------+
         Total |    943 |    918 |     25 |      0 |    781 |   2 |  471.5 |
       Dungeon |    943 |    918 |     25 |      0 |    781 |   2 |  471.5 |
               +--------+--------+--------+--------+--------+-----+--------+

Top non-repeatable levels by time:
     D:1: 795 daAuts
     D:2: 148 daAuts
